 Dungeon Crawl Stone Soup version 0.29-a0-22-gbf593b16ee (webtiles) character file.

Game seed: 4063303351116679970

259645 Armakuni the Exorcist (level 20, -5/147 HPs)
             Began as a Human Transmuter on Jan 28, 2022.
             Was an Elder of the Shining One.
             Slain by a vault warden (20 damage)
             ... on level 1 of the Vaults on Jan 29, 2022.
             The game lasted 02:24:16 (36789 turns).

Armakuni the Exorcist (Human Transmuter)           Turns: 36789, Time: 02:24:17

Health: -5/147     AC: 29    Str: 18    XL:     20   Next: 71%
Magic:  27/35      EV: 13    Int: 29    God:    the Shining One [****..]
Gold:   2439       SH: 12    Dex: 13    Spells: 7/41 levels left

rFire   . . .      SeeInvis .   a - +7 quarterstaff (spect)
rCold   + . .      Faith    .   (shield currently unavailable)
rNeg    + + +      Spirit   .   E - +6 ice dragon scales
rPois   +          Reflect  .   r - +0 helmet
rElec   +          Harm     .   S - +2 cloak
rCorr   +          Rampage  .   M - +0 pair of gloves
Will    +....                   I - +2 pair of boots "Hohuol Purcho" {rPois rC- Will- Int+8}
Stlth   ..........              R - amulet of regeneration
HPRegen 1.14/turn               K - ring "Jolooqoyti" {rF+ rN+ rCorr Int+5}
MPRegen 0.24/turn               X - ring "Ikkal" {Wiz rElec Will+ Slay-3}

@: divinely shielded, marked, wereblooded, glowing
A: no striking features
}: 2/15 runes: decaying, serpentine
a: Renounce Religion, Divine Shield, Cleansing Flame


You were on level 1 of the Vaults.
You worshipped the Shining One.
The Shining One was greatly pleased with you.
You visited 8 branches of the dungeon, and saw 34 of its levels.
You also visited: Gauntlet and Ice Cave.

You collected 4264 gold pieces.
You spent 1825 gold pieces at shops.

Inventory:

Hand Weapons
 a - a +7 spectral quarterstaff (weapon)
 b - a +4 demon trident of freezing
Missiles
 U - 2 throwing nets
Armour
 f - the +7 plate armour of Rain Zatt {Drain Str+8 SInv}
   (You bought it in a shop on level 3 of the Snake Pit)

   Str:       It affects your strength (+8).
   SInv:      It lets you see invisible.
   Drain:     It drains your maximum health when unequipped.
 r - a +0 helmet (worn)
 E - +6 ice dragon scales (worn)
 I - the +2 pair of boots "Hohuol Purcho" (worn) {rPois rC- Will- Int+8}
   (You found it in a Gauntlet)

   Int:       It affects your intelligence (+8).
   rC:        It makes you vulnerable to cold.
   rPois:     It protects you from poison.
   Will:      It decreases your willpower.
 M - a +0 pair of gloves (worn)
 S - a +2 cloak (worn)
Magical Staves
 h - a staff of conjuration
Jewellery
 K - the ring "Jolooqoyti" (left hand) {rF+ rN+ rCorr Int+5}
   (You found it on level 4 of the Lair of Beasts)

   [ring of positive energy]

   Int:       It affects your intelligence (+5).
   rF:        It protects you from fire.
   rN:        It protects you from negative energy.
   rCorr:     It protects you from acid and corrosion.
 R - an amulet of regeneration (around neck)
 X - the ring "Ikkal" (right hand) {Wiz rElec Will+ Slay-3}
   (You found it on level 11 of the Dungeon)

   [ring of wizardry]

   It improves your spell success rate.
   Slay:      It affects your accuracy & damage with ranged weapons and melee
   (-3).
   rElec:     It insulates you from electricity.
   Will:      It increases your willpower.
Wands
 c - a wand of charming (5)
 d - a wand of mindburst (6)
 j - a wand of iceblast (20)
 k - a wand of digging (14)
 p - a wand of paralysis (15)
 v - a wand of flame (19) (quivered)
Scrolls
 i - 5 scrolls of blinking
 t - 3 scrolls of silence
 u - 8 scrolls of fear
 w - 3 scrolls of summoning
 y - 5 scrolls of immolation
 A - 2 scrolls of holy word
 C - 6 scrolls of magic mapping
 F - 4 scrolls of fog
 Q - 3 scrolls of teleportation
 T - a scroll of noise
 V - 5 scrolls of amnesia
 Y - 4 scrolls of vulnerability
Potions
 e - 4 potions of flight
 g - 10 potions of mutation
 n - 14 potions of curing
 o - 11 potions of brilliance
 q - a potion of resistance
 z - 4 potions of might
 B - a potion of cancellation
 D - 5 potions of lignification
 G - 8 potions of ambrosia
 L - 2 potions of magic
 N - 4 potions of heal wounds
 P - 5 potions of haste
Miscellaneous
 l - a lightning rod (inert)
 m - a phantom mirror (inert)
 s - a box of beasts


   Skills:
 - Level 10.0 Fighting
 + Level 5.4(10.5) Polearms
 - Level 14.0(14.3) Staves
 - Level 11.4 Armour
 - Level 10.0 Dodging
 - Level 3.0 Unarmed Combat
 + Level 11.4 Spellcasting
 + Level 13.4 Conjurations
 - Level 12.8 Translocations
 - Level 10.0 Transmutations
 - Level 15.0 Invocations
 - Level 10.0 Evocations


You had 7 spell levels left.
You knew the following spells:

 Your Spells              Type           Power      Damage    Failure   Level
d - Dispersal             Tloc           37%        N/A       3%          6
g - Gell's Gravitas       Tloc           74%        N/A       1%          3
i - Irradiate             Conj/Tmut      35%        3d25      1%          5
m - Iskenderun's Mystic   Conj/Tloc      75%        2d15      1%          4
o - Orb of Destruction    Conj           38%        9d11      13%         7
p - Passage of Golubria   Tloc           74%        N/A       1%          4
t - Teleport Other        Tloc           74%        N/A       1%          3
w - Wereblood             Tmut           65%        N/A       1%          2

Your spell library contained the following spells:

 Spells                   Type           Power      Damage    Failure   Level
 Beastly Appendage        Tmut           100%       N/A       1%          1
 Foxfire                  Conj/Fire      100%       2x1d9     1%          1
 Shock                    Conj/Air       100%       1d9       1%          1
 Conjure Flame            Conj/Fire      54%        6-21      1%          3
 Dazzling Flash           Conj/Hex       100%       N/A       1%          3
 Spider Form              Tmut/Pois      45%        N/A       1%          3
 Iskenderun's Battlesphe  Conj           76%        2d12      1%          5
 Flame Wave               Conj/Fire      54%        2d11      2%          4
 Animate Skeleton         Necr           32%        N/A       4%          1
 Pain                     Necr           64%        1d7       4%          1
 Ice Form                 Ice/Tmut       45%        N/A       4%          4
 Petrify                  Tmut/Erth      45%        N/A       4%          4
 Ensorcelled Hibernation  Hex/Ice        32%        N/A       6%          2
 Scorch                   Fire           32%        2d6       6%          2
 Sublimation of Blood     Necr           16%        N/A       6%          2
 Fireball                 Conj/Fire      27%        3d12      7%          5
 Summon Forest            Summ/Tloc      26%        N/A       8%          5
 Confusing Touch          Hex            16%        N/A       12%         3
 Inner Flame              Hex/Fire       16%        N/A       12%         3
 Swiftness                Air            16%        N/A       12%         3
 Tukima's Dance           Hex            16%        N/A       12%         3
 Vampiric Draining        Necr           16%        2d7       12%         3
 Freezing Cloud           Conj/Ice/Air   21%        6-21      16%         5
 Airstrike                Air            8%         N/A       34%         4
 Anguish                  Hex/Necr       8%         N/A       34%         4
 Animate Armour           Summ/Erth      32%        N/A       34%         4
 Animate Dead             Necr           8%         N/A       34%         4
 Leda's Liquefaction      Hex/Erth       8%         N/A       34%         4
 Conjure Ball Lightning   Conj/Air       27%        3x3d8     34%         6
 Iron Shot                Conj/Erth      27%        9d6       34%         6
 Starburst                Conj/Fire      27%        6d9       34%         6
 Eringya's Noxious Bog    Tmut/Pois      22%        N/A       56%         6
 Statue Form              Tmut/Erth      30%        N/A       56%         6
 Agony                    Necr           16%        N/A       69%         5
 Excruciating Wounds      Necr           8%         N/A       69%         5
 Lee's Rapid Deconstruct  Erth           8%         3d8*      69%         5
 Silence                  Hex/Air        8%         N/A       69%         5
 Spellforged Servitor     Conj/Summ      27%        N/A       87%         7
 Simulacrum               Ice/Necr       8%         N/A       99%         6
 Summon Cactus Giant      Summ           8%         N/A       99%         6
 Haunt                    Necr/Summ      8%         N/A       100%        7
 Summon Hydra             Summ           8%         N/A       100%        7
 Infestation              Necr           8%         N/A       100%        8
 Lehudib's Crystal Spear  Conj/Erth      27%        10d7      100%        8
 Polar Vortex             Ice            8%         N/A       100%        9


Dungeon Overview and Level Annotations

Branches:
Dungeon (15/15)            Temple (1/1) D:5            Lair (6/6) D:9
  Swamp (4/4) Lair:2        Snake (4/4) Lair:3        Slime (0/5) Lair:5
    Orc (2/2) D:9             Elf (0/3) Orc:2        Vaults (1/5) D:13
 Depths (1/4) D:15          IceCv (visited)         Gauntlet (visited)

Altars:
Ashenzari
Cheibriados
Dithmenos
Elyvilon
Fedhas
Gozag
Hepliaklqana
Kikubaaqudgha
Makhleb
Nemelex Xobeh
Okawaru
Qazlal
Ru
Sif Muna
Trog
Uskayaw
Vehumet
Wu Jian
Xom
Yredelemnul
Zin
The Shining One
Beogh
Lugonu

Shops:
D:5 (   Orc:2 !?!(   Snake:3 ?=[*

Portals:
Abyss: D:10 D:12


Message History

The vault warden is lightly wounded.
The vault warden blocks your +7 spectral quarterstaff's attack.
You hit the vault warden but do no damage.
The vault warden is lightly wounded.
The vault warden blocks your +7 spectral quarterstaff's attack.
The vault warden hits you with a +3 long sword of holy wrath!!
* * * LOW HITPOINT WARNING * * *
You sock the vault warden!
The vault warden is lightly wounded.
The vault warden blocks your +7 spectral quarterstaff's attack.
You hit the vault warden but do no damage.
The vault warden is lightly wounded.
Your +7 spectral quarterstaff hits the vault warden.
You howl as the wereblood boils in your veins!
The vault warden activates a sealing rune.
You sock the vault warden!
The vault warden is moderately wounded.
The vault warden blocks your +7 spectral quarterstaff's attack.
The vault warden hits you with a +3 long sword of holy wrath!!
The Shining One protects you from harm!
You barely miss the vault warden.
The vault warden is moderately wounded.
Your +7 spectral quarterstaff hits the vault warden.
The vault warden blocks your attack.
The vault warden is moderately wounded.
Your +7 spectral quarterstaff hits the vault warden.
You howl as the wereblood boils in your veins!
The vault warden hits your +7 spectral quarterstaff with a +3 long sword of holy wrath!
Your spectral weapon shares its damage with you!
* * * LOW HITPOINT WARNING * * *
You sock the vault warden!
The vault warden is heavily wounded.
Your +7 spectral quarterstaff hits the vault warden!
Your +7 spectral quarterstaff fades away.
You hit the vault warden.
The vault warden is severely wounded.
Your +7 spectral quarterstaff hits the vault warden!
You howl as the wereblood boils in your veins!
The vault warden hits you with a +3 long sword of holy wrath!!
You die...

##+#########.........
#[.........#.........
#O†........#.........
######p#.#####..#.........
#....#.#.#.#....'†........
#..###)###.###.)#[........
#..).#)†pOp#?...#....)...)
#..#######p###..#..).[...†
#..#)#.#.@(..#..#......[..
#..#.#.###.######.........
#..........# #...######
#..........# #...#.....
############ #...#.....
#...#..... #...#.....
#...#..... #...#.....


You could see a vault warden, a vault sentinel and a friendly +7 spectral
quarterstaff (summoned).

Vanquished Creatures
  Vashnia (Snake:4)
  The ghost of Cutraceh the Executioner, an adept MiMo of Gozag (Swamp:1)
  The ghost of jt the Wrestler, an adept TrBe of Trog (Swamp:4)
  Frances (D:12)
  Kirke (D:12)
  Agnes (Snake:2)
  3 nagarajas (Snake:4)
  The ghost of Maxop the Basher, a journeyman TrFi (Lair:4)
  Roxanne (Snake:4)
  The ghost of tsouns the Peltast, an adept FoCK of Xom (Snake:2)
  A fire giant (D:15)
  A vault warden (Vaults:1)
  Louise (Swamp:3)
  Aizul (Snake:3)
  2 ironbound preservers (Vaults:1)
  The ghost of Ozyhouw the Geomancer, a journeyman GrEE of Dithmenos (Lair:4)
  The ghost of Som Pofo the Severer, a journeyman DDGl of Makhleb (Lair:4)
  A stone giant (Depths:1)
  2 very ugly things (Swamp:4)
  The ghost of Dinwef the Spear-Bearer, a journeyman DrCj of Cheibriados (Lair:4)
  3 eleionomae
  A reaper (IceCv)
  A minotaur (Gauntlet)
  Nessos (Lair:6)
  A bunyip (Swamp:3)
  8 dire elephants (Vaults:1)
  2 green deaths (Swamp:4)
  The ghost of qborf the Devastator, a journeyman TeCj of Vehumet (Lair:4)
  2 fire dragons
  12 naga warriors
  An ice dragon (Depths:1)
  2 great orbs of eyes (Swamp:4)
  Harold (D:11)
  3 boulder beetles
  2 ghost crabs (Swamp:4)
  5 vault guards
  2 ogre magi
  2 salamander tyrants
  15 hydras
  A catoblepas (D:13)
  9 alligators
  2 death knights
  7 anacondas
  Erica (D:8)
  An ironbound frostheart (Vaults:1)
  A hell beast (Swamp:4)
  6 centaur warriors
  10 two-headed ogres
  2 tengu warriors
  A deep troll shaman (Depths:1)
  3 death yaks (Lair:6)
  A hell hog (D:10)
  A dancing weapon (Swamp:4)
  9 shock serpents
  4 orc high priests (Orc:2)
  14 naga sharpshooters
  The ghost of RNPValinor the Cleaver, a journeyman VSFi of Okawaru (D:10)
  A deep troll earth mage (D:15)
  A thrashing horror (Swamp:4)
  6 spriggans
  2 iron trolls (D:15)
  A fire crab (Lair:6)
  6 salamander mystics (Snake:4)
  2 skeletal warriors
  2 spriggan druids
  7 deep trolls
  7 goliath frogs
  A sea snake (Snake:2)
  8 swamp dragons
  2 wizards
  10 bog bodies
  4 lindwurms
  A death drake (Gauntlet)
  A flayed ghost (Depths:1)
  A naga ritualist (Snake:4)
  2 phantasmal warriors
  A wolf spider zombie (Gauntlet)
  A human zombie (Vaults:1)
  6 orc knights
  A necromancer (Vaults:1)
  7 mana vipers
  2 ironbound convokers (Vaults:1)
  A wolf spider (Lair:6)
  24 elephants
  5 orc sorcerers
  A spectral centaur (Gauntlet)
  3 will-o-the-wisps
  4 cyclopes
  2 manticores
  25 ugly things
  Maurice (Orc:2)
  An elf zombie (Vaults:1)
  11 salamanders
  A toenail golem (D:10)
  2 molten gargoyles (Lair:6)
  21 black mambas
  9 guardian serpents
  2 ice statues (IceCv)
  A vault sentinel (Vaults:1)
  2 gargoyles
  2 orange demons (Swamp:4)
  13 cane toads
  3 unseen horrors
  11 komodo dragons
  11 naga magi
  10 rime drakes
  6 kobold demonologists
  6 tengu conjurers
  An efreet (D:14)
  4 anaconda simulacra (IceCv)
  5 ice devils (IceCv)
  2 entropy weaver simulacra (IceCv)
  6 meliai (D:14)
  5 polar bears
  A harpy zombie (Gauntlet)
  12 trolls
  2 bloated husks (Swamp:1)
  4 hornets
  7 tyrant leeches
  12 slime creatures
  20 blink frogs
  A meliai zombie (Gauntlet)
  A stone giant simulacrum (Vaults:1)
  6 dream sheep (Lair:6)
  Sigmund (D:5)
  5 wyverns
  2 dire elephant simulacra (IceCv)
  5 shadows
  A vampire (D:14)
  46 yaks
  5 wraiths
  A yak (shapeshifter) (Gauntlet)
  A golden eye (shapeshifter) (D:14)
  A large abomination (Swamp:4)
  2 hogs (D:12)
  8 basilisks
  A human (D:13)
  2 death yak simulacra
  13 steam dragons
  A small abomination (D:10)
  3 wargs
  9 vampire mosquitoes
  2 harpy simulacra (IceCv)
  29 nagas
  16 swamp worms
  5 hell hounds (Lair:6)
  10 water moccasins
  An acid dragon (D:11)
  23 orc warriors
  A swamp drake (Swamp:3)
  2 sky beasts (D:7)
  2 ice beasts
  A hornet zombie (D:9)
  An ettin simulacrum (Vaults:1)
  A necrophage (D:5)
  14 ogres
  15 centaurs
  12 wolves
  3 boggarts
  A phantom (D:5)
  The ghost of VincentAMV the Skirmisher, an amateur GrFi (D:3)
  5 kobold brigands
  12 bullfrogs
  A gnoll sergeant (D:9)
  A human skeleton (Vaults:1)
  2 cane toad simulacra
  A two-headed ogre simulacrum (IceCv)
  A water moccasin zombie (D:6)
  4 scorpions
  2 water moccasin skeletons
  16 killer bees
  3 wights (D:8)
  10 howler monkeys
  5 electric eels
  A bullfrog zombie (D:7)
  2 centaur zombies
  3 jellies (Lair:5)
  5 lava snakes (Lair:6)
  A centaur skeleton (D:4)
  14 hounds
  Crazy Yiuf (D:2)
  12 orc priests
  A gnoll shaman (D:7)
  24 orc wizards
  Natasha (thrice) (D:3)
  2 iguanas (D:6)
  2 polar bear simulacra (IceCv)
  A wolf simulacrum (Lair:6)
  2 hound skeletons (D:4)
  19 gnolls
  8 adders
  A naga simulacrum (IceCv)
  A white imp (D:7)
  2 ufetubi
  An adder zombie (D:3)
  An adder skeleton (D:4)
  2 worms (D:4)
  5 dart slugs
  49 orcs
  5 bats
  3 endoplasms
  A giant cockroach (D:1)
  7 goblins
  5 hobgoblins
  12 jackals
  14 kobolds
  13 ball pythons
  A ball python zombie (D:3)
  3 frilled lizards (D:1)
  4 rats
1054 creatures vanquished.

Vanquished Creatures (collateral kills)
  A dire elephant (Gauntlet)
  A naga warrior (Snake:3)
  A death yak (Lair:6)
  An anaconda (Snake:4)
  A shock serpent (Snake:4)
  2 slime creatures (D:14)
  A deep troll (Depths:1)
  A lindwurm (Snake:4)
  An orc knight (D:15)
  2 ugly things
  A salamander (Snake:2)
  An elephant (Gauntlet)
  A guardian serpent (Snake:4)
  A queen bee (D:14)
  7 killer bees (D:14)
  2 orcs (D:15)
25 creatures vanquished.

Vanquished Creatures (others)
  2 fire giants
  A deep troll shaman (Depths:1)
  A deep troll earth mage (Depths:1)
  A naga sharpshooter (Snake:1)
  A deep troll (Depths:1)
  An ugly thing (D:15)
  A salamander (Snake:4)
  3 bloated husks (Swamp:2)
  A swamp worm (Swamp:2)
  An orc warrior (Orc:2)
  An orc wizard (Orc:2)
  An orc (Orc:1)
  10 foxfires (Swamp:3)
  33 fungi
  50 plants
  A withered plant (D:14)
109 creatures vanquished.

Grand Total: 1188 creatures vanquished

Notes
Turn   | Place    | Note
-------+----------+-------------------------------------------
     0 | D:1      | Armakuni the Human Transmuter began the quest for the Orb.
     0 | D:1      | Reached XP level 1. HP: 15/15 MP: 3/3
   196 | D:1      | Reached XP level 2. HP: 11/22 MP: 3/5
   505 | D:1      | Learned a level 2 spell: Wereblood
   524 | D:1      | Found a faded altar of an unknown god.
   526 | D:1      | Noticed a shining eye
   528 | D:1      | Noticed an eye of devastation
   531 | D:1      | Reached XP level 3. HP: 28/28 MP: 4/6
   550 | D:1      | Noticed a golden eye
   736 | D:1      | Noticed a great orb of eyes
  1451 | D:3      | Found a runed translucent gate.
  1451 | D:3      | Found a runed translucent gate.
  1451 | D:3      | Found a runed translucent gate.
  1451 | D:3      | Noticed VincentAMV's ghost (amateur GrFi)
  1453 | D:3      | Found a basalt altar of Yredelemnul.
  1603 | D:2      | Found a runed translucent door.
  1604 | D:2      | Noticed Crazy Yiuf
  1654 | D:1      | Reached XP level 4. HP: 37/37 MP: 5/7
  1679 | D:2      | Identified the +3 scale mail of Pipraucs {Fly rF+ Regen+
                  | Dex+3}
  2047 | D:3      | Reached skill level 1 in Armour
  2047 | D:3      | Reached XP level 5. HP: 42/42 MP: 8/8
  2211 | D:3      | Noticed Natasha
  2221 | D:3      | Killed Natasha
  2546 | D:3      | Noticed Natasha
  2569 | D:3      | Killed Natasha
  2593 | D:3      | Found a faded altar of an unknown god.
  2597 | D:3      | Found a blossoming altar of Fedhas.
  2672 | D:3      | Found a radiant altar of Vehumet.
  2700 | D:3      | Noticed Natasha
  2711 | D:3      | Killed Natasha
  2712 | D:3      | Reached XP level 6. HP: 50/50 MP: 9/9
  3088 | D:4      | Reached skill level 5 in Fighting
  3152 | D:4      | Noticed an ogre
  3176 | D:4      | Killed an ogre
  3177 | D:4      | Reached skill level 1 in Staves
  3271 | D:4      | Reached XP level 7. HP: 51/56 MP: 10/10
  3831 | D:4      | Reached skill level 5 in Armour
  3831 | D:4      | Reached XP level 8. HP: 28/62 MP: 11/11
  3983 | D:5      | Entered Level 5 of the Dungeon
  4086 | D:5      | Reached skill level 5 in Staves
  4117 | D:5      | Found an ornate altar of the Wu Jian Council.
  4159 | D:5      | Found Wasorupi's Antique Weapon Boutique.
  4472 | D:5      | Noticed Sigmund
  4533 | D:5      | Killed Sigmund
  4650 | D:5      | Reached XP level 9. HP: 67/68 MP: 12/12
  4866 | D:5      | Found a staircase to the Ecumenical Temple.
  4872 | Temple   | Entered the Ecumenical Temple
  4886 | Temple   | Became a worshipper of the Shining One
  5186 | D:6      | Reached skill level 1 in Invocations
  5194 | D:6      | Reached skill level 1 in Evocations
  5211 | D:6      | Reached skill level 2 in Invocations
  5239 | D:6      | Found an opulent altar of Gozag.
  5426 | D:6      | Identified a scroll of acquirement
  5426 | D:6      | Acquired a staff of conjuration
  5834 | D:7      | Reached skill level 5 in Evocations
  6287 | D:7      | Found a snail-covered altar of Cheibriados.
  6481 | D:7      | Reached * piety under the Shining One
  6489 | D:7      | Reached XP level 10. HP: 70/74 MP: 13/13
  6769 | D:8      | Noticed Erica
  6784 | D:8      | Killed Erica
  6785 | D:8      | Reached skill level 10 in Staves
  6996 | D:8      | Learned a level 4 spell: Iskenderun's Mystic Blast
  7002 | D:8      | Learned a level 5 spell: Irradiate
  7111 | D:8      | Found a shadowy altar of Dithmenos.
  7112 | D:8      | Found a hazy altar of Hepliaklqana.
  7405 | D:3      | Killed VincentAMV's ghost
  7659 | D:2      | Killed Crazy Yiuf
  7884 | D:9      | Noticed a boulder beetle
  7885 | D:9      | Found a runed translucent door.
  7887 | D:9      | Reached ** piety under the Shining One
  8061 | D:9      | Reached skill level 3 in Invocations
  8264 | D:9      | Found a staircase to the Lair.
  8270 | D:9      | Reached skill level 4 in Invocations
  8297 | D:9      | Found a staircase to the Orcish Mines.
  8355 | D:9      | Killed a boulder beetle
  8356 | D:9      | Reached skill level 5 in Invocations
  8356 | D:9      | Reached XP level 11. HP: 71/79 MP: 14/14
  8700 | D:9      | Found a burning altar of Makhleb.
  8704 | D:9      | Found a shimmering altar of Xom.
  8704 | D:9      | Found a bloodstained altar of Trog.
  8724 | D:9      | Found a shimmering blue altar of Sif Muna.
  8727 | D:9      | Found an ancient bone altar of Kikubaaqudgha.
  8818 | Lair:1   | Entered Level 1 of the Lair of Beasts
  9355 | Lair:1   | HP: 2/81 [yak (13)]
  9878 | Lair:2   | Found a staircase to the Swamp.
 10164 | Lair:2   | Got the Guide on the Oath and the Mountains
 10379 | Lair:2   | Reached XP level 12. HP: 90/91 MP: 15/15
 10592 | Lair:3   | Found a staircase to the Snake Pit.
 11518 | Lair:4   | Reached *** piety under the Shining One
 11534 | Lair:4   | Reached skill level 10 in Evocations
 11549 | Lair:4   | Found a gate leading to a gauntlet.
 11554 | Gauntlet | Entered a Gauntlet
 11554 | Gauntlet | Found a transporter.
 11554 | Gauntlet | Found a transporter.
 11567 | Gauntlet | Found a transporter.
 11582 | Gauntlet | Noticed a dire elephant
 11585 | Gauntlet | Found a transporter.
 11585 | Gauntlet | Found a transporter.
 11585 | Gauntlet | Found a transporter.
 11588 | Gauntlet | Found a transporter.
 11588 | Gauntlet | Found a transporter.
 11590 | Gauntlet | Noticed a death drake
 11596 | Gauntlet | Found a runed translucent door.
 11598 | Gauntlet | Found a runed translucent door.
 11600 | Gauntlet | Found a transporter.
 11618 | Gauntlet | Found a transporter.
 11628 | Gauntlet | Found a transporter.
 11636 | Gauntlet | Noticed a catoblepas
 11645 | Gauntlet | Found a transporter.
 11665 | Gauntlet | Found a transporter.
 11680 | Gauntlet | Found a transporter.
 11722 | Gauntlet | Identified the +2 pair of boots "Hohuol Purcho" {rPois rC-
                  | Will- Int+8}
 11728 | Gauntlet | Reached **** piety under the Shining One
 11749 | Gauntlet | Identified the ring "Heyff" {AC+4 Int+3}
 11761 | Gauntlet | Killed a dire elephant
 11762 | Gauntlet | Reached skill level 10 in Fighting
 11788 | Gauntlet | Reached skill level 10 in Invocations
 11788 | Gauntlet | Reached XP level 13. HP: 103/103 MP: 16/20
 11795 | Gauntlet | Reached skill level 11 in Invocations
 11818 | Gauntlet | Identified the +10 long sword of Fear {protect, rElec rN+
                  | MP+9 Str-4}
 11820 | Gauntlet | Identified the amulet of Koshafy {Spirit Str+3}
 11828 | Gauntlet | Noticed a minotaur
 11835 | Gauntlet | Killed a minotaur
 12010 | Lair:4   | Reached XP level 14. HP: 104/110 MP: 22/22
 12024 | Lair:4   | Reached skill level 12 in Invocations
 12234 | Lair:4   | Reached skill level 13 in Invocations
 12720 | Lair:4   | Reached skill level 14 in Invocations
 12750 | Lair:4   | Found a runed translucent gate.
 12751 | Lair:4   | Found a runed translucent gate.
 12752 | Lair:4   | Found a runed translucent gate.
 12753 | Lair:4   | Noticed Maxop's ghost (journeyman TrFi)
 12753 | Lair:4   | Noticed qborf's ghost (journeyman TeCj)
 12753 | Lair:4   | Noticed Som Pofo's ghost (journeyman DDGl)
 12754 | Lair:4   | Noticed Dinwef's ghost (journeyman DrCj)
 12754 | Lair:4   | Noticed Ozyhouw's ghost (journeyman GrEE)
 12762 | Lair:4   | Killed qborf's ghost
 12763 | Lair:4   | Killed Som Pofo's ghost
 12764 | Lair:4   | Killed Dinwef's ghost
 12764 | Lair:4   | Killed Maxop's ghost
 12764 | Lair:4   | Killed Ozyhouw's ghost
 12765 | Lair:4   | Reached skill level 15 in Invocations
 12777 | Lair:4   | Identified the amulet "Qeud" {Spirit rElec rN+ Slay+3}
 12796 | Lair:4   | Identified the ring "Jolooqoyti" {rF+ rN+ rCorr Int+5}
 12799 | Lair:4   | Got Sif Muna's Volume of Enchanting Changing
 13104 | Lair:5   | Reached skill level 5 in Dodging
 13321 | Lair:5   | You are sucked into a shaft and drop 1 floor!
 13321 | Lair:6   | Entered Level 6 of the Lair of Beasts
 13321 | Lair:6   | Found a large runed translucent door.
 13321 | Lair:6   | Found a large runed translucent door.
 13504 | Lair:6   | Reached XP level 15. HP: 95/115 MP: 17/26
 13619 | Lair:6   | Found a frozen archway.
 13632 | IceCv    | Entered an ice cave
 14059 | IceCv    | Reached ***** piety under the Shining One
 14191 | IceCv    | Noticed a reaper
 14200 | IceCv    | Killed a reaper
 14356 | Lair:6   | Noticed Nessos
 14367 | Lair:6   | Killed Nessos
 14591 | Lair:5   | Found a staircase to the Slime Pits.
 15287 | Lair:6   | Reached skill level 10 in Armour
 15478 | Lair:6   | Reached skill level 10 in Dodging
 15846 | Orc:1    | Entered Level 1 of the Orcish Mines
 16175 | Orc:1    | Reached skill level 5 in Transmutations
 16175 | Orc:1    | Reached XP level 16. HP: 122/122 MP: 27/27
 16238 | Orc:2    | Entered Level 2 of the Orcish Mines
 16243 | Orc:2    | Noticed Maurice
 16252 | Orc:2    | Killed Maurice
 16902 | Orc:2    | Found a staircase to the Elven Halls.
 17162 | Orc:2    | Found Ydiceg's Distillery.
 17162 | Orc:2    | Found Faximof Cowo's Antique Weapon Emporium.
 17167 | Orc:2    | Found Famynec's Distillery.
 17167 | Orc:2    | Found Syampaso's Magic Scroll Emporium.
 17180 | Orc:2    | Bought a scroll of immolation for 52 gold pieces
 17180 | Orc:2    | Bought a scroll of immolation for 52 gold pieces
 17180 | Orc:2    | Bought a scroll of enchant armour for 112 gold pieces
 17180 | Orc:2    | Bought a scroll of magic mapping for 52 gold pieces
 17181 | Orc:2    | Bought a potion of haste for 180 gold pieces
 17183 | Orc:2    | Bought a potion of heal wounds for 65 gold pieces
 17183 | Orc:2    | Bought a potion of heal wounds for 65 gold pieces
 17183 | Orc:2    | Bought a potion of magic for 104 gold pieces
 17183 | Orc:2    | Bought a potion of resistance for 130 gold pieces
 17186 | Orc:2    | Bought a potion of curing for 54 gold pieces
 17281 | D:10     | Entered Level 10 of the Dungeon
 17341 | D:10     | Found a transporter.
 17342 | D:10     | Found a transporter.
 17954 | D:10     | Noticed RNPValinor's ghost (journeyman VSFi)
 18685 | D:11     | Found a runed translucent door.
 18686 | D:11     | Found a runed translucent door.
 18687 | D:11     | Found a runed translucent door.
 18700 | D:11     | Reached skill level 10 in Transmutations
 18700 | D:11     | Reached skill level 1 in Conjurations
 18804 | D:11     | Noticed Harold
 18816 | D:11     | Killed Harold
 18983 | D:11     | Identified the +10 scythe "Ijicrery" {drain, Dex+5 SInv}
 19013 | D:11     | Identified the ring "Ikkal" {Wiz rElec Will+ Slay-3}
 19365 | D:12     | Found a large runed translucent door.
 19365 | D:12     | Found a large runed translucent door.
 19393 | D:12     | Found a one-way gate to the infinite horrors of the Abyss.
 19393 | D:12     | Identified the +1 robe "Iraeffufo" {+Inv Will+ Dex+3
                  | Slay-5}
 19546 | D:12     | Noticed Kirke
 19560 | D:12     | Killed Kirke
 19807 | D:12     | Noticed Frances
 19819 | D:12     | Killed Frances
 20147 | D:12     | Found a corrupted altar of Lugonu.
 20174 | D:12     | Reached skill level 5 in Spellcasting
 20177 | D:12     | Reached XP level 17. HP: 128/128 MP: 4/28
 20385 | D:13     | Reached skill level 5 in Conjurations
 21216 | D:13     | Found a gate to the Vaults.
 21589 | D:14     | Was placed under penance by the Shining One
 21904 | D:14     | Found an ancient bone altar of Kikubaaqudgha.
 22362 | D:15     | Entered Level 15 of the Dungeon
 23068 | D:15     | Found a staircase to the Depths.
 23261 | Depths:1 | Entered Level 1 of the Depths
 23692 | Depths:1 | Found a sacrificial altar of Ru.
 23746 | Depths:1 | Was forgiven by the Shining One
 23758 | Depths:1 | Reached XP level 18. HP: 119/134 MP: 31/31
 24132 | D:10     | Killed RNPValinor's ghost
 24167 | D:10     | Reached skill level 1 in Translocations
 24366 | Snake:1  | Entered Level 1 of the Snake Pit
 25108 | Snake:1  | Reached skill level 5 in Translocations
 25127 | Lair:3   | Learned a level 7 spell: Orb of Destruction
 25474 | Snake:1  | Learned a level 3 spell: Gell's Gravitas
 25478 | Snake:1  | Learned a level 3 spell: Teleport Other
 25616 | Snake:1  | Learned a level 4 spell: Passage of Golubria
 27003 | Snake:2  | Reached skill level 10 in Translocations
 27040 | Snake:2  | Noticed Agnes
 27051 | Snake:2  | Killed Agnes
 27725 | Snake:2  | Found a runed translucent door.
 27730 | Snake:2  | Noticed tsouns's ghost (adept FoCK)
 27754 | Snake:2  | Killed tsouns's ghost
 28149 | Snake:3  | Found Bawnumos's Jewellery Shoppe.
 28150 | Snake:3  | Found Nuonea's Assorted Antiques.
 28150 | Snake:3  | Found Gygis's Magic Scroll Shoppe.
 28153 | Snake:3  | Found Irunif's Antique Armour Emporium.
 28168 | Snake:3  | Bought a scroll of enchant weapon for 105 gold pieces
 28169 | Snake:3  | Bought a scroll of enchant armour for 105 gold pieces
 28170 | Snake:3  | Bought a scroll of fear for 49 gold pieces
 28175 | Snake:3  | Bought an ancient plate armour for 700 gold pieces
 28175 | Snake:3  | Identified the +7 plate armour of Rain Zatt {Drain Str+8
                  | SInv} (You bought it in a shop on level 3 of the Snake Pit)
 28275 | Snake:3  | HP: 5/134 [asphyx]
 28276 | Snake:3  | The Shining One protects you from harm!
 28277 | Snake:3  | HP: 1/134 [poisoned by a naga mage (bolt of poison)]
 29247 | Snake:3  | Noticed Aizul
 29265 | Snake:3  | Killed Aizul
 29816 | Snake:3  | Learned a level 6 spell: Dispersal
 30306 | Snake:4  | Entered Level 4 of the Snake Pit
 30815 | Snake:4  | Noticed Roxanne
 30839 | Snake:4  | Killed Roxanne
 31024 | Snake:4  | Upgraded the game from 0.29-a0-11-ga75d3d97ab to
                  | 0.29-a0-22-gbf593b16ee
 31563 | Snake:4  | Reached XP level 19. HP: 140/140 MP: 19/32
 31621 | Snake:4  | Reached skill level 10 in Conjurations
 31760 | Snake:4  | Noticed Vashnia
 32021 | Snake:4  | Killed Vashnia
 32620 | Snake:4  | Got a serpentine rune of Zot
 32855 | Swamp:1  | Entered Level 1 of the Swamp
 33159 | Swamp:1  | Found a large runed translucent door.
 33159 | Swamp:1  | Found a large runed translucent door.
 33162 | Swamp:1  | Noticed Cutraceh's ghost (adept MiMo)
 33188 | Swamp:1  | Killed Cutraceh's ghost
 33191 | Swamp:1  | Identified the +7 short sword of Gisixin {venom, +Blink
                  | Dex+4}
 33500 | Swamp:1  | Identified the +1 leather armour of the Unseen Realm
                  | {+Blink rN+ Dex+3 SInv}
 33899 | Swamp:2  | Acquired 968 gold pieces
 34381 | Swamp:3  | Reached skill level 10 in Spellcasting
 34527 | Swamp:3  | Noticed Louise
 34553 | Swamp:3  | Killed Louise
 34911 | Swamp:4  | Entered Level 4 of the Swamp
 34952 | Swamp:4  | Reached XP level 20. HP: 147/147 MP: 34/34
 35049 | Swamp:4  | Reached skill level 1 in Polearms
 35129 | Swamp:4  | Identified the +3 chain mail "Ganaf" {Str+3 Dex+2}
 35241 | Swamp:4  | Found a runed translucent door.
 35243 | Swamp:4  | Found a shimmering altar of Xom.
 35243 | Swamp:4  | Noticed jt's ghost (adept TrBe)
 35260 | Swamp:4  | Killed jt's ghost
 35269 | Swamp:4  | Identified the ring "Usojugur" {EV+4 Dex+3}
 35887 | Swamp:4  | Paralysed by a great orb of eyes for 5 turns
 35993 | Swamp:4  | Got a decaying rune of Zot
 36320 | Vaults:1 | Entered Level 1 of the Vaults
 36643 | Vaults:1 | Reached skill level 5 in Polearms
 36785 | Vaults:1 | The Shining One protects you from harm!
 36789 | Vaults:1 | Slain by a vault warden

Illustrated notes

Levels and vault maps discovered:
D:1:      giann_horns, layout_basic, hellmonk_ecumenical_altar_watching_god
D:2:      layout_rooms, kennysheep_generic_room_2, uniq_crazy_yiuf_cottage
D:3:      layout_basic, nicolae_overflow_ecumenical_swirl,
          nicolae_yredelemnul_ghost_church, overflow_temple_1_default,
          minmay_splitting_lines, uniq_natasha
D:4:      minmay_bubble_buster, layout_basic, minmay_cupped
D:5:      layout_basic, nicolae_wu_jian_immortal_techniques,
          minmay_temple_entry_enclosed_plants, nicolae_stop_n_shop_1,
          kennysheep_pointless_box, uniq_sigmund
D:6:      layout_basic, mainiacjoe_overflow_concentric_impassable
D:7:      layout_loops_ring, mainiacjoe_overflow_catwalk, minivault_27,
          minmay_hedge_maze, minmay_fractal_squares_diagonal_5
D:8:      layout_rooms, riverfiend_overflow_shadow_ancestor,
          david_defended_altar_orc, uniq_erica
D:9:      layout_irregular_city, minmay_overflow_temple_star_hex,
          erik_lair_island, orc_0_dummy, minmay_st_funbox, serial_bayou_pond_c
D:10:     layout_basic, gammafunk_ghost_abyssal_escape, minmay_liquid_box,
          kennysheep_potato
D:11:     minmay_the_grid_triangle_9x9_recursive_3
          [minmay_the_grid_triangle_9x9_negative_grid,
          minmay_the_grid_triangle_9x9_limited_checkers,
          minmay_the_grid_triangle_9x9_corruption,
          minmay_the_grid_triangle_9x9_prize_insulated,
          minmay_the_grid_triangle_9x9_fully_insulated_deathbox,
          minmay_the_grid_triangle_9x9_sprig,
          minmay_the_grid_triangle_9x9_flanged_cone,
          minmay_the_grid_triangle_9x9_intruding_spiral,
          minmay_the_grid_triangle_9x9_zippers_horizontal],
          layout_irregular_city, uniq_harold
D:12:     due_chaos_kobolds, layout_cave_pods, uniq_kirke, uniq_frances
D:13:     layout_stronghold, grunt_vaults_entry_fortified
D:14:     layout_roguey [special_room_bee], minmay_misc_feat_pillars,
          kiku_gazebo_garden_becter
D:15:     grunt_enter_depths_giant_problem, layout_cave_pools,
          minmay_misc_feat_tiny
Temple:   jpeg_temple_island
Lair:1:   layout_cellular_growth, grunt_megastairs_3,
          infiniplex_staircase_pool_2
Lair:2:   layout_chaotic_city, minmay_swamp_entry_worms
Lair:3:   layout_misc_corridors, minmay_snake_entry_guardpost_small
Lair:4:   layout_roguey, gauntlet_entry_generic, gammafunk_ghost_cemetery,
          bobbens_dragon_lair_wall
Lair:5:   layout_gridlike, minmay_slime_entry_pillars, grunt_megastairs_1
Lair:6:   cheibrodos_lair_end_hotspot, layout_long_grid,
          portal_ice_cave_entry_ice_simulacra, uniq_nessos
Swamp:1:  layout_falls_marsh, ebering_ghost_disaster_area,
          nicolae_swamp_orc_logging_accident, swamp_pool2,
          nicolae_swamp_rocky_clearing
Swamp:2:  layout_basic_swamp, nicolae_swamp_decorative_isthmus
Swamp:3:  layout_falls_marsh, evilmike_swamp_ruin_house_2, uniq_louise
Swamp:4:  swamp_vile, layout_basic_swamp, ebering_ghost_xom, swamp_pool1
Snake:1:  layout_rooms, st_stairs_7
Snake:2:  layout_misc_corridors, ebering_ghost_reflecting_pool,
          serial_bayou_shore_a, uniq_agnes
Snake:3:  layout_chambers, nicolae_snake_gridmaze_entwining, minmay_shoptagon,
          uniq_aizul
Snake:4:  snake_pit_salamanders_mu, layout_cave_town, uniq_vashnia, uniq_roxanne
Orc:1:    layout_diamond_mine
Orc:2:    grunt_orc_tribal_feast, layout_caves, uniq_maurice
Vaults:1: nicolae_vaults_little_ls, nicolae_vaults_yaktaur_gun_rack,
          vaults_room_ringed_pool, vaults_room_guarded_vault, v_misc_12,
          nicolae_vaults_little_squares_3, v_rooms_6, vaults_mumra_chevron,
          dpeg_vaults_monster_box, v_misc_16, nicolae_vaults_network_s,
          nicolae_vaults_what_the_h, v_misc_24, ontoclasm_vaults_pinch,
          layout_vaults_big_room
Depths:1: layout_roguey, hell_entry, hangedman_abyss_or_decor_jellyfish_corner,
          nicolae_ru_awakened_eye

Skill      XL: |  1  2  3  4  5  6  7  8  9 10 11 12 13 14 15 16 17 18 19 20 |
---------------+-------------------------------------------------------------+-----
Fighting       | 2 3 4 5 7 10 | 10.0
Armour         | 1 2 3 5 7 10 11 | 11.4
Staves         | 2 3 6 8 12 13 14 | 14.0
Dodging        | 4 6 10 | 10.0
Invocations    | 2 5 10 11 15 | 15.0
Evocations     | 5 8 10 | 10.0
Transmutations | 5 10 | 10.0
Conjurations   | 4 9 12 13 | 13.4
Spellcasting   | 5 9 10 11 | 11.4
Translocations | 12 | 12.8
Polearms       | 5 |  5.4
Unarmed Combat | |  3.0

Action                   |  1- 3 |  4- 6 |  7- 9 | 10-12 | 13-15 | 16-18 | 19-21 || total
-------------------------+-------+-------+-------+-------+-------+-------+-------++-------
Melee: Short sword       |    68 |    42 |       |       |       |       |       ||   110
       Kick              |    20 |       |       |       |       |       |       ||    20
       Unarmed           |     2 |       |       |       |       |       |       ||     2
       Headbutt          |     7 |     1 |       |       |       |       |       ||     8
       Whip              |       |   149 |   487 |    63 |       |       |       ||   699
       Flail             |       |     7 |       |       |       |       |       ||     7
       Punch             |       |     6 |    17 |     3 |       |       |       ||    26
       Quarterstaff      |       |       |       |   254 |   591 |  1152 |   671 ||  2668
Throw: Javelin           |       |     5 |     5 |       |       |       |       ||    10
       Throwing net      |       |       |       |     3 |       |       |       ||     3
 Cast: Beastly Appendage |    16 |     1 |       |       |       |       |       ||    17
       Wereblood         |       |       |       |       |     1 |    38 |     6 ||    45
       Iskenderun's Myst |       |       |       |       |       |    45 |    34 ||    79
       Gell's Gravitas   |       |       |       |       |       |    13 |     2 ||    15
       Irradiate         |       |       |       |       |       |     4 |     5 ||     9
       Orb of Destructio |       |       |       |       |       |       |     1 ||     1
Invok: Divine Shield     |       |       |       |     4 |    17 |    26 |    23 ||    70
       Cleansing Flame   |       |       |       |       |     9 |     5 |    17 ||    31
Evoke: Wand              |       |       |       |    17 |     9 |    25 |    10 ||    61
       Lightning rod     |       |       |       |       |     6 |    12 |     8 ||    26
       Box of beasts     |       |       |       |       |     2 |     4 |     1 ||     7
       Piece from Xom's  |       |       |       |       |     1 |     3 |       ||     4
       Phantom mirror    |       |       |       |       |       |     3 |     2 ||     5
  Use: Scroll            |     3 |     5 |     9 |    14 |     9 |    17 |     2 ||    59
       Potion            |       |       |     2 |     1 |     2 |     5 |     6 ||    16
 Stab: Invisible         |       |       |     1 |       |       |       |       ||     1
Armor: Robe              |    11 |       |       |       |       |       |       ||    11
       Scale mail        |       |   103 |   240 |    97 |   254 |   301 |       ||   995
       Ice dragon scales |       |       |       |       |       |   125 |   316 ||   441
Dodge: Dodged            |    61 |   153 |   276 |   149 |   251 |   535 |   274 ||  1699
Block: Other             |       |       |       |     7 |   126 |   290 |   185 ||   608
       Reflection        |       |       |       |       |       |    18 |       ||    18

Table legend: (Time is in decaauts)
 A = Elapsed time spent in this place.
 B = Non-inter-level travel time spent in this place.
 C = Inter-level travel time spent in this place.
 D = Time resting spent in this place.
 E = Time spent auto-exploring this place.
 F = Levels seen in this place.
 G = Mean time per level.
                   A        B        C        D        E       F      G
               +--------+--------+--------+--------+--------+-----+--------+
         Total |  36317 |  33722 |   2595 |   6661 |  17364 |  36 | 1008.8 |
       Dungeon |  15285 |  13756 |   1529 |   1287 |   8167 |  15 | 1019.0 |
        Temple |     26 |     15 |     11 |      0 |      0 |   1 |   26.0 |
          Lair |   6252 |   5808 |    444 |    607 |   3542 |   6 | 1042.0 |
         Swamp |   3397 |   3244 |    153 |    424 |   1848 |   4 |  849.2 |
     Snake Pit |   8084 |   7802 |    282 |   3672 |   2613 |   4 | 2021.0 |
  Orcish Mines |   1348 |   1246 |    102 |    248 |    635 |   2 |  674.0 |
        Vaults |    422 |    422 |      0 |     37 |    227 |   1 |  422.0 |
        Depths |    479 |    407 |     72 |    113 |     90 |   1 |  479.0 |
      Ice Cave |    605 |    605 |      0 |    210 |     60 |   1 |  605.0 |
      Gauntlet |    415 |    415 |      0 |     61 |    181 |   1 |  415.0 |
               +--------+--------+--------+--------+--------+-----+--------+

Top non-repeatable levels by time:
 Snake:3: 2408 daAuts
 Snake:4: 2279 daAuts
 Snake:2: 1795 daAuts
 Snake:1: 1601 daAuts
     D:3: 1367 daAuts
  Lair:6: 1345 daAuts
     D:1: 1309 daAuts
    D:13: 1281 daAuts
 Swamp:4: 1220 daAuts
  Lair:3: 1150 daAuts
     D:9: 1124 daAuts
    D:11: 1094 daAuts
     D:5: 1090 daAuts
  Lair:1: 1087 daAuts
    D:10: 1058 daAuts
